 Dungeon Crawl Stone Soup version 0.21.1-1-g345015f (webtiles) character file.

6022 equalderp2856 the Cleaver (level 10, -1/90 HPs)
             Began as a Minotaur Fighter on May 14, 2018.
             Killed from afar by a rime drake (16 damage)
             ... with a flash freeze
             ... on level 1 of the Lair of Beasts.
             The game lasted 00:16:01 (7568 turns).

equalderp2856 the Cleaver (Minotaur Fighter)        Turns: 7568, Time: 00:16:01

Health: -1/90      AC: 10    Str: 22    XL:     10   Next: 56%
Magic:  9/9        EV: 10    Int:  6    God:
Gold:   43         SH: 11    Dex: 11    Spells: 9/9 levels left

rFire    . . .     SeeInvis .   J - +1 trident (flame)
rCold    . . .     Gourm    .   c - +0 shield
rNeg     . . .     Faith    .   b - +0 scale mail
rPois    .         Spirit   .   v - +1 hat
rElec    .         Reflect  .   (no cloak)
rCorr    .         Harm     .   (no gloves)
MR       .....                  (no boots)
Stlth    ..........             D - amulet of regeneration
HPRegen  0.65/turn              H - +1 ring of protection
MPRegen  0.11/turn              q - ring of flight

@: no status effects
A: retaliatory headbutt, horns 2
a: Evoke Flight


You were on level 1 of the Lair of Beasts.
You were not hungry.

You visited 2 branches of the dungeon, and saw 10 of its levels.
You also visited: Sewer.

You collected 392 gold pieces.
You spent 349 gold pieces at shops.

Inventory:

Hand Weapons
 a - a +0 war axe
 r - a +4 war axe
 B - a -3 rapier
 F - a +1 vampiric war axe
 J - a +1 trident of flaming (weapon)
Armour
 b - a +0 scale mail (worn)
 c - a +0 shield (worn)
 v - a +1 hat (worn)
Jewellery
 q - a ring of flight (right hand)
 s - an uncursed ring of stealth
 D - an amulet of regeneration (around neck)
 E - an uncursed amulet of magic regeneration
 H - a +1 ring of protection (left hand)
Scrolls
 g - 7 scrolls of teleportation
 j - a scroll of blinking {unknown}
 l - 2 scrolls of fear
 n - 2 scrolls of remove curse
 p - 3 scrolls of immolation {unknown}
 u - 3 scrolls of random uselessness
 w - 4 scrolls of enchant weapon
 x - 2 scrolls of enchant armour {unknown}
 y - 4 scrolls of magic mapping
 I - a scroll of noise {unknown}
Potions
 d - 3 potions of might
 e - 6 potions of curing
 h - 3 potions of heal wounds {unknown}
 i - 2 potions of ambrosia {unknown}
 k - 5 potions of degeneration {unknown}
 m - 5 potions of flight
 o - a potion of brilliance {unknown}
 t - a potion of invisibility {unknown}
 z - a potion of lignification {unknown}
 C - 2 potions of agility {unknown}
 G - a potion of resistance {unknown}
Books
 A - a book of Maledictions

   Spells                             Type                      Level
   a - Corona                         Hexes                        1
   b - Ensorcelled Hibernation        Hexes/Ice                    2
   c - Confuse                        Hexes                        3
   d - Tukima's Dance                 Hexes                        3
   e - Dazzling Spray                 Conjuration/Hexes            3
Comestibles
 f - 10 rations


   Skills:
 + Level 8.5 Fighting
 + Level 12.6 Axes
 + Level 8.5 Armour
 + Level 3.7 Dodging
 + Level 1.5 Stealth
 + Level 8.4 Shields


You had 9 spell levels left.
You didn't know any spells.

Dungeon Overview and Level Annotations

Branches:
Dungeon (9/15)             Temple (0/1) D:4            Lair (1/6) D:9
    Orc: D:9-12

Altars:
Ashenzari
Fedhas
Makhleb
Nemelex Xobeh
Ru
Vehumet
Xom
Yredelemnul

Shops:
D:5 ?}   D:6 *

Annotations:
D:3 MavisGrind's ghost, amateur MiBe


Innate Abilities, Weirdness & Mutations

You reflexively headbutt those who attack you in melee.
You have a pair of horns on your head.


Message History

The five-headed hydra bites you.
You block the five-headed hydra's attack.
The five-headed hydra bites you but does no damage.
The five-headed hydra bites you.
* * * LOW HITPOINT WARNING * * *
The five-headed hydra misses you.
You puncture the five-headed hydra! You burn the five-headed hydra.
Your headbutt misses the five-headed hydra.
The five-headed hydra is moderately wounded.
You block the five-headed hydra's attack. x2
The five-headed hydra bites you.
* * * LOW HITPOINT WARNING * * *
The five-headed hydra bites you!
* * * LOW HITPOINT WARNING * * *
The five-headed hydra bites you!
* * * LOW HITPOINT WARNING * * *
Found a ration.
The rime drake breathes ice at you. The flash freeze hits you!
You die...

#########.##.###P##
...................... .
.... .#...#.#.##...#.#..
..... #...#.#.##...#....
..... #...#.#.##.....#..
......#............#....
#...#.......##.....#..
#...........##........
...#<..@...##k......P ..
#.....D.##...P...# .
#........#.......#
#.......k..#.#...#
#.......##.#.....P
#........##........
#.⌠.+....##...%....
#...##.....#........
.......#...#......#..


You could see a five-headed hydra and a rime drake.

Vanquished Creatures
  A two-headed ogre (D:7)
  A death yak (D:9)
  The ghost of kalagan the Poker, an amateur HuGl of Ashenzari (D:4)
  A troll (D:9)
  A hungry ghost (D:6)
  2 orc warriors (D:9)
  3 phantoms (D:9)
  A sky beast (D:8)
  A black bear (D:9)
  6 ogres
  2 centaurs (D:9)
  A big kobold (D:7)
  5 bullfrogs
  A gnoll sergeant (D:6)
  2 scorpions
  2 water moccasin skeletons
  A wyvern skeleton (D:6)
  5 killer bees (D:9)
  7 howler monkeys
  7 crimson imps
  7 orc priests
  4 hounds
  2 bullfrog zombies
  A centaur skeleton (D:9)
  12 orc wizards
  3 bullfrog skeletons
  4 iguanas
  A human skeleton (D:5)
  5 worker ants
  A killer bee zombie (D:9)
  A hound skeleton (D:9)
  Robin (D:4)
  A howler monkey zombie (D:8)
  3 gnolls (D:6)
  3 worker ant zombies
  8 adders
  2 shadow imps
  5 oozes
  An adder zombie (D:5)
  3 adder skeletons
  5 worms
  2 dart slugs (D:1)
  6 leopard geckos
  41 orcs
  2 giant cockroaches
  10 goblins
  11 hobgoblins
  12 jackals
  17 kobolds
  A quokka (D:3)
  3 ball pythons
  15 bats
  7 frilled lizards
  2 jackal skeletons (D:5)
  2 leopard gecko skeletons
  A quokka skeleton (D:9)
  A quokka zombie (D:8)
  8 rats
265 creatures vanquished.

Notes
Turn   | Place    | Note
-------+----------+-------------------------------------------
     0 | D:1      | equalderp2856 the Minotaur Fighter began the quest for the Orb.
     0 | D:1      | Reached XP level 1. HP: 19/19 MP: 0/0
    67 | D:1      | Reached XP level 2. HP: 26/27 MP: 1/1
   369 | D:1      | Reached skill level 3 in Axes
   383 | D:1      | Reached XP level 3. HP: 33/33 MP: 2/2
  1079 | D:2      | Reached XP level 4. HP: 40/40 MP: 3/3
  1442 | D:3      | Reached skill level 4 in Axes
  1620 | D:3      | Noticed MavisGrind's ghost (amateur MiBe)
  1633 | D:3      | You fall through a shaft for 2 floors!
  1633 | D:5      | Entered Level 5 of the Dungeon
  1824 | D:5      | Reached XP level 5. HP: 46/47 MP: 4/4
  1884 | D:4      | Reached skill level 5 in Armour
  1922 | D:4      | Found a glowing drain.
  2020 | D:4      | Reached skill level 5 in Axes
  2020 | D:4      | Reached XP level 6. HP: 33/53 MP: 5/5
  2099 | Sewer    | Entered a sewer
  2103 | Sewer    | Reached skill level 1 in Dodging
  2748 | D:4      | Found a blossoming altar of Fedhas.
  2888 | D:4      | Found a burning altar of Makhleb.
  2889 | D:4      | Found a shimmering altar of Xom.
  2934 | D:4      | Reached skill level 5 in Fighting
  2940 | D:4      | Reached skill level 6 in Axes
  3142 | D:4      | Noticed kalagan's ghost (amateur HuGl)
  3143 | D:4      | Noticed Robin
  3179 | D:4      | Killed kalagan's ghost
  3179 | D:4      | Reached skill level 5 in Shields
  3179 | D:4      | Reached XP level 7. HP: 47/61 MP: 6/6
  3185 | D:4      | Killed Robin
  3185 | D:4      | Reached skill level 7 in Axes
  3209 | D:4      | Found a staircase to the Ecumenical Temple.
  3517 | D:5      | Found Cemiude's Gadget Emporium.
  3765 | D:5      | Found Darhy's Magic Scroll Boutique.
  3765 | D:5      | Found a runed door.
  3765 | D:5      | Noticed a human
  3769 | D:5      | Reached XP level 8. HP: 49/69 MP: 7/7
  3771 | D:5      | Reached skill level 8 in Axes
  3773 | D:5      | Found a basalt altar of Yredelemnul.
  3858 | D:5      | Bought a scroll of magic mapping for 52 gold pieces
  4063 | D:6      | Found a radiant altar of Vehumet.
  4170 | D:6      | Found Zaotiamyu's Assorted Antiques.
  4173 | D:6      | Bought a scroll labeled VOHEUN VOMOA for 27 gold pieces
  4180 | D:6      | Bought a square steel amulet for 135 gold pieces
  4197 | D:6      | Found a sparkling altar of Nemelex Xobeh.
  4220 | D:6      | Found a shattered altar of Ashenzari.
  4244 | D:6      | Reached skill level 9 in Axes
  4491 | D:6      | Found a sparkling altar of Nemelex Xobeh.
  4846 | D:7      | Reached skill level 10 in Axes
  4848 | D:7      | Reached XP level 9. HP: 77/78 MP: 8/8
  5440 | D:8      | Found a sacrificial altar of Ru.
  5662 | D:8      | Reached skill level 11 in Axes
  5787 | D:8      | Noticed a two-headed ogre
  5892 | D:6      | Bought a notched bronze ring for 135 gold pieces
  6398 | D:9      | Noticed a troll
  6543 | D:9      | Reached skill level 1 in Stealth
  6551 | D:9      | Reached XP level 10. HP: 44/88 MP: 9/9
  6790 | D:9      | Noticed a death yak
  6792 | D:9      | Noticed a death yak
  6793 | D:9      | Noticed a death yak
  6795 | D:9      | Noticed a death yak
  6811 | D:9      | Noticed a death yak
  6811 | D:9      | Killed a death yak
  6811 | D:9      | Reached skill level 12 in Axes
  6813 | D:9      | Noticed a death yak
  6816 | D:9      | Noticed a death yak
  7012 | D:7      | Killed a two-headed ogre
  7475 | D:9      | Found a staircase to the Lair.
  7530 | Lair:1   | Entered Level 1 of the Lair of Beasts
  7532 | Lair:1   | Noticed a five-headed hydra
  7568 | Lair:1   | Killed from afar by a rime drake

Skill      XL: |  1  2  3  4  5  6  7  8  9 10 |
---------------+-------------------------------+-----
Fighting       | 4 5 6 7 8 |  8.5
Armour         | 4 5 6 8 |  8.5
Shields        | 4 5 6 7 8 |  8.4
Axes           | 3 4 5 6 7 10 11 12 | 12.6
Dodging        | 1 2 3 |  3.7
Stealth        | 1 |  1.5

Action                   |  1- 3 |  4- 6 |  7- 9 | 10-12 || total
-------------------------+-------+-------+-------+-------++-------
Melee: War axe           |    90 |   150 |   325 |    66 ||   631
       Headbutt          |    12 |    28 |    75 |    19 ||   134
       Trident           |       |       |       |     5 ||     5
  Use: Scroll            |       |     2 |     6 |       ||     8
       Potion            |       |     1 |       |     1 ||     2
  Eat: Chunk             |       |     7 |     9 |     1 ||    17
       Ration            |       |       |     2 |     1 ||     3
Armor: Scale mail        |    50 |    63 |   120 |    22 ||   255
Dodge: Dodged            |    33 |    40 |   104 |    35 ||   212
Block: Shield            |    62 |    94 |   180 |    60 ||   396
